 Dungeon Crawl Stone Soup version 0.29.1-15-g9cfb28693d (webtiles) character file.

Game seed: 12319215815149412426

6681 leafyfresh the Covert (level 11, -11/89 HPs)
             Began as a Gnoll Delver on June 1, 2023.
             Was an Elder of Ashenzari.
             Mangled by a two-headed ogre
             ... wielding a +0 giant spiked club
              (13 damage)
             ... on level 10 of the Dungeon.
             The game lasted 00:17:19 (12640 turns).

leafyfresh the Covert (Gnoll Delver)               Turns: 12640, Time: 00:17:20

Health: -11/89     AC: 12    Str: 17    XL:     11   Next: 3%
Magic:  20/20      EV: 18    Int:  9    God:    Ashenzari [****..]
Gold:   447        SH:  0    Dex: 19    Spells: 13/22 levels left

rFire   x . .      SeeInvis +   A - +5 quarterstaff of Ashenzari's Seer {chaos, Cun, Elem} (curse)
rCold   . . .      Faith    .   (shield currently unavailable)
rNeg    + + +      Spirit   .   o - +3 ring mail "Ensconced With Me" {rC+, Elem, Cun} (curse)
rPois   +          Reflect  .   (helmet restricted)
rElec   +          Harm     .   w - +0 cloak "Chained Yoke" {Bglg, Fort} (curse)
rCorr   .          Rampage  .   (no gloves)
Will    .....      Clarity  +   y - +0 pair of boots "Per Aspera Ad Scientiam" {Melee, Evo} (curse)
Stlth   ++++++....              E - amulet "Zuttumo" {rElec Regen+}
HPRegen 1.04/turn               J - ring "Momaurcho" {Fly rPois rF- rC- rN+++}
MPRegen 0.17/turn               q - ring "Lashed Chagrin" {Str+6, Cun, Range} (curse)

@: flying, unable to drink
A: fangs 1, strong nose, distributed training, horns 2, inability to drink after
injury 1
a: Renounce Religion, Shatter the Chains


You were on level 10 of the Dungeon.
You worshipped Ashenzari.
Ashenzari was greatly pleased with you.
You visited 2 branches of the dungeon, and saw 11 of its levels.

You collected 447 gold pieces.

Inventory:

Hand Weapons
 a - a +0 short sword
 n - a +0 mace of holy wrath
 x - a +2 dagger of electrocution
 A - the cursed +5 quarterstaff of Ashenzari's Seer (weapon) {chaos, Cun, Elem}
   (You took it off Crazy Yiuf on level 3 of the Dungeon)

   Each time it hits an enemy it has a different, random effect.
   It has a curse which improves the following skills: Cunning: Dodging and
   Stealth.
   Elements:  Fire Magic, Ice Magic, Air Magic and Earth Magic.
 F - a +3 flail of protection
Armour
 b - a +0 leather armour
 o - the cursed +3 ring mail "Ensconced With Me" (worn) {rC+, Elem, Cun}
   (You took it off Terence on level 3 of the Dungeon)

   It has a curse which improves the following skills: Elements: Fire Magic, Ice
   Magic, Air Magic and Earth Magic.
   Cunning:   Dodging and Stealth.
 w - the cursed +0 cloak "Chained Yoke" (worn) {Bglg, Fort}
   (You found it on level 2 of the Dungeon)

   It has a curse which improves the following skills: Beguiling: Conjurations,
   Hexes and Translocations.
   Fortitude: Armour and Shields.
 y - the cursed +0 pair of boots "Per Aspera Ad Scientiam" (worn) {Melee, Evo}
   (You found it on level 3 of the Dungeon)

   It has a curse which improves the following skills: Melee Combat: Short
   Blades, Long Blades, Axes, Maces & Flails, Polearms, Staves and Unarmed
   Combat.
   Evocations: Evocations.
 G - a +2 leather armour of cold resistance
 K - a +1 scale mail of cold resistance
Magical Staves
 u - a staff of fire
 C - a staff of cold
Jewellery
 q - the cursed ring "Lashed Chagrin" (right hand) {Str+6, Cun, Range}
   (You found it on level 3 of the Dungeon)

   [ring of strength]

   Str:       It affects your strength (+6).
   It has a curse which improves the following skills: Cunning: Dodging and
   Stealth.
   Ranged Combat: Ranged Weapons and Throwing.
 E - the amulet "Zuttumo" (around neck) {rElec Regen+}
   (You took it off a vampire on level 8 of the Dungeon)

   [amulet of regeneration]

   rElec:     It insulates you from electricity.
   Regen:     It increases your rate of health regeneration.
 J - the ring "Momaurcho" (left hand) {Fly rPois rF- rC- rN+++}
   (You found it on level 8 of the Dungeon)

   [ring of flight]

   rF:        It makes you vulnerable to fire.
   rC:        It makes you vulnerable to cold.
   rPois:     It protects you from poison.
   rN:        It renders you almost immune to negative energy.
   Fly:       It grants you flight.
 L - a ring of willpower
Wands
 g - a wand of digging (3)
 i - a wand of iceblast (4)
 l - a wand of flame (15)
 z - a wand of quicksilver (17)
Scrolls
 c - a scroll of enchant weapon
 d - 3 scrolls of magic mapping
 e - 3 scrolls of enchant armour
 h - a scroll of acquirement
 j - 10 scrolls of identify
 k - 2 scrolls of vulnerability
 m - 8 scrolls of teleportation
 r - 3 scrolls of fog
 t - a scroll of poison
 D - a scroll of brand weapon
 M - 2 scrolls of amnesia
 N - a scroll of blinking
Potions
 f - a potion of haste
 p - 4 potions of curing
 s - a potion of attraction
 v - 2 potions of brilliance
 B - a potion of heal wounds
 H - a potion of might
 I - a potion of magic


   Skills:
 + Level 9.0 Fighting
 + Level 7.7(9.7) Short Blades
 + Level 6.1(8.0) Long Blades
 + Level 6.1(8.0) Axes
 + Level 6.1(8.0) Maces & Flails
 + Level 6.1(8.0) Polearms
 + Level 6.1(8.0) Staves
 + Level 6.1(8.0) Ranged Weapons
 + Level 6.1(8.0) Throwing
 + Level 6.1(8.0) Armour
 + Level 7.7(11.6) Dodging
 + Level 11.3(15.1) Stealth
 + Level 6.1(8.0) Shields
 + Level 6.1(8.0) Unarmed Combat
 + Level 6.1 Spellcasting
 + Level 5.0(6.9) Conjurations
 + Level 5.0(6.9) Hexes
 + Level 5.0 Summonings
 + Level 5.0 Necromancy
 + Level 5.0(6.9) Translocations
 + Level 5.0 Transmutations
 + Level 5.0(7.9) Fire Magic
 + Level 5.0(7.9) Ice Magic
 + Level 5.0(7.9) Air Magic
 + Level 5.0(7.9) Earth Magic
 + Level 5.0 Poison Magic
 + Level 6.6 Invocations
 + Level 6.1(8.0) Evocations


You had 13 spell levels left.
You knew the following spells:

 Your Spells              Type           Power      Damage    Failure   Level
a - Swiftness             Air            16%        N/A       4%          3
b - Blink                 Tloc           30%        N/A       3%          2
c - Airstrike             Air            8%         2d(2-18)  14%         4

Your spell library contained the following spells:

 Spells                   Type           Power      Damage    Failure   Level
 Sandblast                Erth           32%        2d9       1%          1
 Shock                    Conj/Air       64%        1d7       1%          1
 Conjure Flame            Conj/Fire      16%        6-21      5%          3
 Lesser Beckoning         Tloc           15%        N/A       6%          3
 Ignite Poison            Fire/Tmut/Pois 13%        N/A       10%         3
 Leda's Liquefaction      Hex/Erth       8%         N/A       17%         4
 Sticky Flame             Conj/Fire      16%        2d4       17%         4
 Animate Dead             Necr           11%        N/A       43%         4
 Manifold Assault         Tloc           15%        N/A       50%         5
 Agony                    Necr           11%        N/A       78%         5
 Haunt                    Necr/Summ      5%         N/A       100%        7
 Borgnjor's Revivificati  Necr           5%         N/A       100%        8
 Infestation              Necr           5%         N/A       100%        8


Dungeon Overview and Level Annotations

Branches:
Dungeon (10/15)            Temple (1/1) D:5             Orc (0/2) D:9
   Lair: D:8-11

Altars:
Ashenzari
Cheibriados
Dithmenos
Elyvilon
Fedhas
Gozag
Hepliaklqana
Kikubaaqudgha
Makhleb
Nemelex Xobeh
Okawaru
Qazlal
Ru
Sif Muna
Trog
Uskayaw
Vehumet
Wu Jian
Xom
Yredelemnul
Zin
The Shining One

Shops:
D:5 [


Innate Abilities, Weirdness & Mutations

You have very sharp teeth.
Your uncanny sense of smell can sniff out nearby items.
Your experience applies equally to all skills.
You have a pair of horns on your head.
You occasionally lose the ability to drink potions when taking damage.


Message History

An orc priest and an orc come into view.
The orc priest shouts!
The orc shouts!
You hear an angry buzzing noise.
The orc wizard shouts!
There are monsters nearby!
An orc comes into view. It is wielding a +0 flail.
You hear two shouts!
A two-headed ogre comes into view.
It is wielding a +0 giant spiked club and a +0 giant club.
You hear an angry buzzing noise. x2
There are monsters nearby!
There are monsters nearby!
Found a stone staircase leading down and a stone staircase leading up.
The two-headed ogre hits you with a +0 giant spiked club!
The two-headed ogre hits you with a +0 giant club!
The orc shouts!
You sock the two-headed ogre!
Your headbutt misses the two-headed ogre.
The two-headed ogre is moderately wounded.
You barely miss the two-headed ogre.
The two-headed ogre is moderately wounded.
The two-headed ogre hits you with a +0 giant spiked club!!
The two-headed ogre completely misses you.
A vampire mosquito comes into view.
Unknown command.
You completely miss the two-headed ogre.
The two-headed ogre is moderately wounded.
A vampire mosquito comes into view.
You thump the two-headed ogre!
The two-headed ogre is heavily wounded.
A vampire mosquito comes into view.
The two-headed ogre misses you.
The two-headed ogre hits you with a +0 giant club!!
You feel threatened and lose the ability to drink potions!
* * * LOW HITPOINT WARNING * * *
The vampire mosquito buzzes angrily.
You hit the two-headed ogre. You freeze the two-headed ogre.
The two-headed ogre is heavily wounded.
The two-headed ogre hits you with a +0 giant spiked club!!
* * * LOW HITPOINT WARNING * * *
The two-headed ogre hits you with a +0 giant club!
You die... , , ,* , **,, * ,, ,, ......# .##., , , * * **, .......... ∆,*, ,,, , ,.......< ,, ,* ,, ,**,, #...#.. , , ,, ,, ,, , >..yy , , , , ,,, # #, .yooo

,,,, , , ,
**##.#.,*##O#.
, , , ,,,
,.....####@#.,
,,, , ,
#..#.....#. ,
, , , ,*
#.......?#.,,,
,, ,, ,
##.......##
***** , , ,
....#..<..# ,
,
,.##*#.......#
, * , ,, *
#.....#.# ,
**** * ,, *
#####.#...,,,
,* #.# #.. ,*


You could see a two-headed ogre, 3 vampire mosquitoes, an orc priest, an orc
wizard and an orc.

Vanquished Creatures
  2 centaur warriors (D:8)
  2 cyclopes (D:8)
  A hornet (D:8)
  A wyvern (D:8)
  5 yaks (D:8)
  A vampire (D:8)
  4 wargs (D:9)
  Menkaure (D:6)
  A water moccasin (D:8)
  An orc warrior (D:7)
  A black bear (D:6)
  A sky beast (D:7)
  4 centaurs
  2 phantoms
  4 kobold brigands
  3 bullfrogs
  A gnoll sergeant (D:9)
  3 scorpions
  2 wights (D:8)
  5 killer bees
  4 howler monkeys
  A jelly (D:8)
  4 hounds
  2 orc priests
  Crazy Yiuf (D:3)
  Natasha (thrice) (D:2)
  Terence (D:3)
  3 iguanas
  8 orc wizards
  6 gnolls
  2 adders
  A shadow imp (D:7)
  2 white imps (D:6)
  2 ufetubi (D:6)
  A worm (D:2)
  3 dart slugs
  16 orcs
  8 ball pythons
  5 bats
  6 endoplasms
  A giant cockroach (D:3)
  11 hobgoblins
  A jackal (D:3)
  2 quokkas
  2 frilled lizards (D:1)
  7 goblins
  14 kobolds
  4 rats
  A spectral orc (D:8)
167 creatures vanquished.

Vanquished Creatures (others)
  A slime creature (D:8)
  An orc warrior (D:8)
  2 fungi (D:3)
  11 plants (D:8)
15 creatures vanquished.

Grand Total: 182 creatures vanquished

Notes
Turn   | Place    | Note
-------+----------+-------------------------------------------
     0 | D:5      | Reached skill level 9 in Stealth
     0 | D:5      | leafyfresh the Gnoll Delver began the quest for the Orb.
     0 | D:5      | Reached XP level 1. HP: 23/23 MP: 1/1
     1 | D:5      | Noticed a hound
     8 | D:5      | Killed a hound
     9 | D:5      | Reached XP level 2. HP: 29/29 MP: 1/3
     9 | D:5      | Reached XP level 3. HP: 35/35 MP: 1/4
   102 | D:5      | Found Zuwoliq's Armour Shoppe.
   151 | D:5      | Found a staircase to the Ecumenical Temple.
   157 | D:5      | Noticed a centaur
   161 | Temple   | Entered the Ecumenical Temple
   248 | Temple   | Became a worshipper of Ashenzari the Shackled
   261 | D:5      | Noticed a phantom
   728 | D:4      | Reached skill level 1 in Invocations
  1086 | D:4      | Found a glowing silver altar of Zin.
  1100 | D:4      | Found a glowing golden altar of the Shining One.
  1496 | D:3      | Reached skill level 1 in Long Blades
  1496 | D:3      | Reached skill level 1 in Axes
  1496 | D:3      | Reached skill level 1 in Maces & Flails
  1496 | D:3      | Reached skill level 1 in Polearms
  1496 | D:3      | Reached skill level 1 in Staves
  1496 | D:3      | Reached skill level 1 in Ranged Weapons
  1496 | D:3      | Reached skill level 1 in Throwing
  1496 | D:3      | Reached skill level 1 in Armour
  1496 | D:3      | Reached skill level 1 in Shields
  1496 | D:3      | Reached skill level 1 in Unarmed Combat
  1496 | D:3      | Reached skill level 1 in Spellcasting
  1496 | D:3      | Reached skill level 1 in Evocations
  1509 | D:3      | Noticed Terence
  1530 | D:3      | Killed Terence
  1531 | D:3      | Reached XP level 4. HP: 19/41 MP: 5/5
  1892 | D:3      | Reached skill level 1 in Conjurations
  1892 | D:3      | Reached skill level 1 in Hexes
  1892 | D:3      | Reached skill level 1 in Summonings
  1892 | D:3      | Reached skill level 1 in Necromancy
  1892 | D:3      | Reached skill level 1 in Translocations
  1892 | D:3      | Reached skill level 1 in Transmutations
  1892 | D:3      | Reached skill level 1 in Fire Magic
  1892 | D:3      | Reached skill level 1 in Ice Magic
  1892 | D:3      | Reached skill level 1 in Air Magic
  1892 | D:3      | Reached skill level 1 in Earth Magic
  1892 | D:3      | Reached skill level 1 in Poison Magic
  1902 | D:3      | Reached * piety under Ashenzari
  1915 | D:3      | Found an ornate altar of the Wu Jian Council.
  1915 | D:3      | Found a hide-covered altar of Uskayaw.
  1917 | D:3      | Found a sparkling altar of Nemelex Xobeh.
  1921 | D:3      | Found a shadowy altar of Dithmenos.
  1924 | D:3      | Found a sacrificial altar of Ru.
  1936 | D:3      | Found a burning altar of Makhleb.
  1937 | D:3      | Found a stormy altar of Qazlal.
  1999 | D:3      | Found a bloodstained altar of Trog.
  2001 | D:3      | Found a white marble altar of Elyvilon.
  2002 | D:3      | Found a shimmering blue altar of Sif Muna.
  2198 | D:2      | Noticed Natasha
  2212 | D:2      | You fall into a shaft and drop 2 floors!
  2941 | D:2      | Reached XP level 5. HP: 33/47 MP: 5/7
  3468 | D:1      | Reached ** piety under Ashenzari
  3651 | D:1      | Found a faded altar of an unknown god.
  4253 | D:2      | Killed Natasha
  4354 | D:2      | Noticed Natasha
  4361 | D:2      | Killed Natasha
  4387 | D:2      | Noticed Natasha
  4395 | D:2      | Killed Natasha
  4692 | D:2      | Reached XP level 6. HP: 53/53 MP: 8/8
  4702 | D:2      | Reached *** piety under Ashenzari
  4865 | D:3      | Reached skill level 5 in Short Blades
  4865 | D:3      | Reached skill level 5 in Dodging
  5137 | D:3      | Found a runed translucent door.
  5138 | D:3      | Noticed Crazy Yiuf
  5667 | D:3      | Killed Crazy Yiuf
  5883 | D:3      | Gained mutation: Your magical capacity is low. (-10% MP)
                  | [potion of mutation]
  5883 | D:3      | Gained mutation: Your muscles are strong. (Str +4, Int/Dex
                  | -1) [potion of mutation]
  5884 | D:3      | Lost mutation: Your muscles are strong. (Str +4, Int/Dex
                  | -1) [potion of mutation]
  5884 | D:3      | Lost mutation: Your magical capacity is low. (-10% MP)
                  | [potion of mutation]
  5884 | D:3      | Gained mutation: You occasionally lose the ability to drink
                  | potions when taking damage. [potion of mutation]
  5884 | D:3      | Gained mutation: You have a pair of small horns on your
                  | head. [potion of mutation]
  5884 | D:3      | Gained mutation: You have a pair of horns on your head.
                  | [potion of mutation]
  5981 | D:4      | Reached XP level 7. HP: 30/60 MP: 10/10
  6764 | D:5      | Reached skill level 10 in Stealth
  7076 | D:6      | Reached XP level 8. HP: 67/67 MP: 12/12
  7141 | D:6      | Noticed Menkaure
  7145 | D:6      | Killed Menkaure
  7170 | D:6      | Reached **** piety under Ashenzari
  8078 | D:7      | HP: 3/67 [orc warrior/+3 long sword (14)]
  8585 | D:7      | Learned a level 3 spell: Swiftness
  8588 | D:7      | Learned a level 2 spell: Blink
  8593 | D:7      | Learned a level 4 spell: Airstrike
  9287 | D:7      | Reached XP level 9. HP: 73/73 MP: 14/14
  9319 | D:8      | Found a basalt altar of Yredelemnul.
  9351 | D:8      | Noticed a hornet
  9370 | D:8      | Killed a hornet
  9372 | D:8      | Noticed a centaur warrior
  9379 | D:8      | Killed a centaur warrior
  9380 | D:8      | Reached skill level 5 in Invocations
  9406 | D:8      | Noticed a cyclops
  9421 | D:8      | Noticed a cyclops
  9825 | D:8      | Reached skill level 5 in Long Blades
  9825 | D:8      | Reached skill level 5 in Axes
  9825 | D:8      | Reached skill level 5 in Maces & Flails
  9825 | D:8      | Reached skill level 5 in Polearms
  9825 | D:8      | Reached skill level 5 in Staves
  9825 | D:8      | Reached skill level 5 in Ranged Weapons
  9825 | D:8      | Reached skill level 5 in Throwing
  9825 | D:8      | Reached skill level 5 in Armour
  9825 | D:8      | Reached skill level 5 in Shields
  9825 | D:8      | Reached skill level 5 in Unarmed Combat
  9825 | D:8      | Reached skill level 5 in Spellcasting
  9825 | D:8      | Reached skill level 5 in Evocations
  9825 | D:8      | Reached XP level 10. HP: 81/81 MP: 17/17
  9984 | D:8      | Killed a cyclops
  9985 | D:8      | Reached skill level 11 in Stealth
 10154 | D:8      | Identified the amulet "Zuttumo" {rElec Regen+}
 10585 | D:8      | Noticed a centaur warrior
 10596 | D:8      | Killed a centaur warrior
 11109 | D:8      | Identified the Compilation of Petrous Evil
 11124 | D:8      | Killed a cyclops
 11201 | D:8      | Identified the ring "Momaurcho" {Fly rPois rF- rC- rN+++}
 11691 | D:9      | Identified a scroll of acquirement
 12186 | D:9      | Reached skill level 5 in Conjurations
 12186 | D:9      | Reached skill level 5 in Hexes
 12186 | D:9      | Reached skill level 5 in Summonings
 12186 | D:9      | Reached skill level 5 in Necromancy
 12186 | D:9      | Reached skill level 5 in Translocations
 12186 | D:9      | Reached skill level 5 in Transmutations
 12186 | D:9      | Reached skill level 5 in Fire Magic
 12186 | D:9      | Reached skill level 5 in Ice Magic
 12186 | D:9      | Reached skill level 5 in Air Magic
 12186 | D:9      | Reached skill level 5 in Earth Magic
 12186 | D:9      | Reached skill level 5 in Poison Magic
 12195 | D:9      | Reached XP level 11. HP: 60/89 MP: 20/20
 12429 | D:9      | Found a staircase to the Orcish Mines.
 12631 | D:10     | Entered Level 10 of the Dungeon
 12633 | D:10     | Noticed a two-headed ogre
 12640 | D:10     | HP: 2/89 [two-headed ogre/+0 giant spiked club (22)]
 12640 | D:10     | Mangled by a two-headed ogre

Illustrated notes

Levels and vault maps discovered:
D:1:      scummos_arrival_hexagon, layout_basic,
          chequers_ecumenical_altar_simple
D:2:      layout_basic, corexii_item_surrounded_by_moat, uniq_natasha
D:3:      layout_loops_cross, nicolae_overflow_hallway_of_the_gods, st_stairs_3,
          uniq_crazy_yiuf_cottage, uniq_terence
D:4:      layout_loops_ring, minitemple, chequers_serial_rivers_small_3
D:5:      layout_cave_pools, minmay_temple_entry_glass, serial_shops, shop
D:6:      layout_basic, uniq_menkaure
D:7:      layout_basic
D:8:      layout_loops_cross, yredelemnul_forgotten_temple_becter,
          minmay_the_grid_2x2 [minmay_the_grid_garden,
          minmay_the_grid_tiny_cups, minmay_the_grid_tree,
          minmay_the_grid_prize_trominoes]
D:9:      layout_basic, minmay_orc_entry_guard_dogs
D:10:     layout_rooms, lair_entry_dummy, gammafunk_ghost_wrathful_warriors
Temple:   dpeg_three_leaves_temple

Skill      XL: |  1  2  3  4  5  6  7  8  9 10 |
---------------+-------------------------------+-----
Stealth        | 10 11 | 11.3
Invocations    | 1 2 3 4 5 6 |  6.6
Long Blades    | 1 2 3 5 6 |  6.1
Axes           | 1 2 3 5 6 |  6.1
Maces & Flails | 1 2 3 5 6 |  6.1
Polearms       | 1 2 3 5 6 |  6.1
Staves         | 1 2 3 5 6 |  6.1
Ranged Weapons | 1 2 3 5 6 |  6.1
Throwing       | 1 2 3 5 6 |  6.1
Armour         | 1 2 3 5 6 |  6.1
Shields        | 1 2 3 5 6 |  6.1
Unarmed Combat | 1 2 3 5 6 |  6.1
Spellcasting   | 1 2 3 5 6 |  6.1
Evocations     | 1 2 3 5 6 |  6.1
Conjurations   | 1 2 3 4 5 |  5.0
Hexes          | 1 2 3 4 5 |  5.0
Summonings     | 1 2 3 4 5 |  5.0
Necromancy     | 1 2 3 4 5 |  5.0
Translocations | 1 2 3 4 5 |  5.0
Transmutations | 1 2 3 4 5 |  5.0
Fire Magic     | 1 2 3 4 5 |  5.0
Ice Magic      | 1 2 3 4 5 |  5.0
Air Magic      | 1 2 3 4 5 |  5.0
Earth Magic    | 1 2 3 4 5 |  5.0
Poison Magic   | 1 2 3 4 5 |  5.0
Short Blades   | 5 6 7 |  7.7
Dodging        | 5 6 7 |  7.7
Fighting       | 7 8 9 |  9.0

Action                   |  1- 3 |  4- 6 |  7- 9 | 10-12 || total
-------------------------+-------+-------+-------+-------++-------
Melee: Short sword       |    55 |    97 |       |       ||   152
       Bite              |     6 |    22 |    17 |    25 ||    70
       Punch             |     1 |     1 |       |       ||     2
       Mace              |       |   112 |       |       ||   112
       Quarterstaff      |       |     6 |   138 |   148 ||   292
       Headbutt          |       |     3 |    31 |    37 ||    71
Invok: Curse Item        |     1 |     4 |     2 |       ||     7
       Shatter the Chain |       |     1 |       |     1 ||     2
  Use: Scroll            |     1 |     4 |     1 |       ||     6
       Potion            |       |     2 |     2 |       ||     4
 Stab: Sleeping          |     5 |    20 |    13 |     1 ||    39
       Distracted        |       |     1 |       |     1 ||     2
       Invisible         |       |       |     5 |       ||     5
       Paralysed         |       |       |       |     3 ||     3
Armor: Leather armour    |     2 |       |       |       ||     2
       Ring mail         |       |    78 |    40 |    30 ||   148
Dodge: Dodged            |    36 |   166 |   128 |    89 ||   419
